 Dungeon Crawl Stone Soup version 0.31-a0-948-gf5be29c462 (webtiles) character file.

Game seed: 4523617520904087708

4329 gruber the Destroyer (level 10, -3/50 HPs)
             Began as a Deep Elf Conjurer on Oct 21, 2023.
             Was a Believer of Vehumet.
             Constricted to death by Erica (13 damage)
             ... on level 9 of the Dungeon.
             The game lasted 00:10:57 (9382 turns).

gruber the Destroyer (Deep Elf Conjurer)            Turns: 9382, Time: 00:10:58

Health: -3/50      AC:  8    Str:  4    XL:     10   Next: 12%
Magic:  16/33      EV: 13    Int: 28    God:    Vehumet [**....]
Gold:   555        SH:  0    Dex: 15    Spells: 13/25 levels left

rFire   . . .        A - +2 short sword (elec)
rCold   . . .        (no shield)
rNeg    . . .        w - +2 robe of the Bruised Prophets {MP+9 Dex+2 Archmagi}
rPois   .            e - +2 helmet
rElec   .            j - +0 cloak
rCorr   .            (no gloves)
SInv    .            (no boots)
Will    +....        F - amulet of magic regeneration
Stlth   ++           x - +4 ring of slaying
HPRegen 0.28/turn    (no ring)
MPRegen 0.63/turn

%: archmagi
@: grasped by roots, slowed, constricted, very slow
A: no striking features
a: Renounce Religion


You were on level 9 of the Dungeon.
You worshipped Vehumet.
Vehumet was pleased with you.
You visited 2 branches of the dungeon, and saw 10 of its levels.
You also visited: Sewer.

You collected 555 gold pieces.

Inventory:

Hand Weapons
 A - a +2 short sword of electrocution (weapon)
Missiles
 d - a curare-tipped dart
Armour
 e - a +2 helmet (worn)
 j - a +0 cloak (worn)
 w - the +2 robe of the Bruised Prophets (worn) {MP+9 Dex+2 Archmagi}
   (You found it on level 3 of the Dungeon)

   Dex+2:     It affects your dexterity (+2).
   MP+9:      It affects your magic capacity (+9).
   Archmagi:  It increases the power of your magical spells.
Jewellery
 x - a +4 ring of slaying (left hand)
 F - an amulet of magic regeneration (around neck)
Wands
 B - a wand of flame (9)
 D - a wand of paralysis (16)
Scrolls
 c - 3 scrolls of immolation {unknown}
 f - 3 scrolls of amnesia {unknown}
 g - 4 scrolls of noise {unknown}
 l - 8 scrolls of identify {unknown}
 m - 3 scrolls of revelation {unknown}
 n - 7 scrolls of teleportation {unknown}
 o - a scroll of enchant armour {unknown}
 r - 3 scrolls of fear {unknown}
 v - a scroll of blinking {unknown}
 y - a scroll of enchant weapon {unknown}
 z - 2 scrolls of brand weapon {unknown}
 E - a scroll of vulnerability {unknown}
Potions
 a - 5 potions of enlightenment {unknown}
 b - 4 potions of magic
 h - 3 potions of attraction {unknown}
 i - a potion of resistance {unknown}
 k - 2 potions of curing {unknown}
 p - 3 potions of mutation {unknown}
 q - 4 potions of haste {unknown}
 s - 2 potions of experience {unknown}
 t - a potion of lignification {unknown}
 u - 2 potions of degeneration {unknown}
 C - 2 potions of ambrosia {unknown}


   Skills:
 - Level 9.3 Dodging
 - Level 2.4 Stealth
 - Level 8.2 Spellcasting
 - Level 12.0 Conjurations
 * Level 4.9 Ice Magic


You had 13 spell levels left.
You knew the following spells:

 Your Spells              Type           Power      Damage    Failure   Level
a - Magic Dart            Conj           100%       1d8       1%          1
b - Searing Ray           Conj           100%       2d8       1%          2
c - Iskenderun's Mystic   Conj/Tloc      61%        2d13      4%          4
d - Freezing Cloud        Conj/Ice/Air   29%        6-21      13%         5

Your spell library contained the following spells:

 Spells                   Type           Power      Damage    Failure   Level
 Shock                    Conj/Air       100%       1d9       1%          1
 Dazzling Flash           Conj/Hex       100%       N/A       1%          3
 Ozocubu's Armour         Ice            55%        N/A       1%          3
 Stone Arrow              Conj/Erth      100%       3d13      1%          3
 Mephitic Cloud           Conj/Pois/Air  50%        N/A       2%          3
 Necrotise                Necr           68%        1d7       4%          1
 Fulminant Prism          Conj/Hex       30%        3d15      4%          4
 Lesser Beckoning         Tloc           34%        N/A       8%          2
 Poisonous Vapours        Pois/Air       34%        N/A       8%          2
 Gell's Gravitas          Tloc           17%        N/A       14%         3
 Teleport Other           Tloc           17%        N/A       14%         3
 Vampiric Draining        Necr           17%        2d7       14%         3
 Animate Armour           Summ/Erth      34%        N/A       43%         4
 Agony                    Necr           17%        N/A       80%         5
 Silence                  Hex/Air        8%         N/A       80%         5
 Ozocubu's Refrigeration  Ice            27%        4d13      99%         7
 Lehudib's Crystal Spear  Conj/Erth      30%        10d8      100%        8


Dungeon Overview and Level Annotations

Branches:
Dungeon (9/15)             Temple (1/1) D:4            Lair (0/5) D:8
  Sewer (visited)
    Orc: D:9-12

Altars:
Ashenzari
Cheibriados
Elyvilon
Fedhas
Gozag
Hepliaklqana
Makhleb
Nemelex Xobeh
Okawaru
Ru
Trog
Uskayaw
Vehumet
Wu Jian
Xom
Yredelemnul
Zin
The Shining One

Shops:
D:6 :

Annotations:
D:5 Ijyb
D:8 3 runed translucent doors
D:9 2 runed translucent doors, Dirtsage's ghost, novice OpSh; Erica


Message History

You feel a surge of power!
You erupt in a blast of force!
The mystic blast hits something!
The mystic blast hits the howler monkey!
The howler monkey is almost dead.
The howler monkey is knocked back by the mystic blast.
Unknown command.
Unknown command.
You feel yourself slow down.
The howler monkey hoots and howls with incredible vigour!
You hear a bellow!
You hear a shout!
Casting: Iskenderun's Mystic Blast (dangerous; 4% risk of failure)
Confirm with . or Enter, or press ? or * to list all spells.
Aiming: Searing Ray (safe; 1% risk of failure)
Press: ? - help, Shift-Dir - straight line, f - howler monkey
Aim: a howler monkey (almost dead, catching its breath, 81% to hit)
You feel a surge of power!
The searing ray hits the howler monkey.
You kill the howler monkey!
Vehumet accepts your kill. (Press . to maintain the ray.)
You hear the loud creaking of a portcullis nearby.
You hear a zap.
The roots erupt in riotous growth!
The grasping roots grab you!
You are constricted!
* * * LOW HITPOINT WARNING * * *
Unknown command.
Okay, then.
Casting: Searing Ray (safe; 1% risk of failure)
Confirm with . or Enter, or press ? or * to list all spells.
You can't see any susceptible monsters within range! (Use Z to cast anyway.)
Casting: Searing Ray (safe; 1% risk of failure)
Confirm with . or Enter, or press ? or * to list all spells.
Restarting spell: Searing Ray (safe; 1% risk of failure)
Press: ? - help, Shift-Dir - straight line You feel a surge of power! (Press . to maintain the ray.)
You hear some strange, mumbled words.
A bolt of poison appears from out of thin air!
The bolt of poison misses you.
You are constricted!
You die...

#≈...<[# ..#####'##....#
#~.(...### #............
##≈..[....###............
≈~~.............h######+#
..............{.)#
.................#
..##.............#
..#..............#
..#....##'####..@#
..#....#.... #...#
..#....#.... #...#
###....#.. #...# #...#
#...# #.... #.####


You could see a howler monkey.

Vanquished Creatures
  A wyvern (D:9)
  9 yaks
  2 steam dragons
  A water moccasin (D:6)
  An ice beast (D:6)
  A hornet zombie (D:6)
  A black bear (D:8)
  2 centaurs
  3 kobold brigands
  3 bullfrogs
  A gnoll sergeant (D:7)
  3 scorpions
  7 wights
  4 howler monkeys
  A bullfrog zombie (D:6)
  4 jellies
  3 hounds
  5 orc priests
  An iguana (D:7)
  2 sleepcaps
  3 orc wizards
  9 gnolls
  13 river rats (Sewer)
  7 adders
  A shadow imp (D:4)
  5 ufetubi
  A worm (D:2)
  3 dart slugs (D:1)
  12 orcs
  11 ball pythons
  8 endoplasms
  4 giant cockroaches
  12 goblins
  2 hobgoblins
  2 jackals (D:1)
  3 quokkas (D:3)
  3 bats
  3 frilled lizards
  24 kobolds
  18 rats
199 creatures vanquished.

Notes
Turn   | Place    | Note
-------+----------+-------------------------------------------
     0 | D:1      | gruber the Deep Elf Conjurer began the quest for the Orb.
     0 | D:1      | Reached XP level 1. HP: 10/10 MP: 6/6
   175 | D:1      | Reached XP level 2. HP: 15/15 MP: 4/8
   179 | D:1      | Reached skill level 5 in Conjurations
   364 | D:1      | Found a faded altar of an unknown god.
   782 | D:1      | Reached XP level 3. HP: 19/19 MP: 6/9
  1276 | D:2      | Learned a level 2 spell: Searing Ray
  1918 | D:2      | Reached XP level 4. HP: 24/24 MP: 6/11
  2168 | D:3      | Found a glowing drain.
  2174 | D:3      | Reached skill level 6 in Conjurations
  2182 | Sewer    | Entered a sewer
  2321 | Sewer    | Noticed a kobold brigand
  2329 | Sewer    | Killed a kobold brigand
  2330 | Sewer    | Reached XP level 5. HP: 16/28 MP: 2/13
  2658 | Sewer    | Reached skill level 7 in Conjurations
  2851 | Sewer    | Reached skill level 5 in Spellcasting
  2972 | Sewer    | Reached XP level 6. HP: 32/32 MP: 9/15
  3649 | D:3      | Identified the +2 robe of the Bruised Prophets {MP+9 Dex+2
                  | Archmagi}
  3975 | D:3      | Found a glowing silver altar of Zin.
  4397 | D:4      | Reached skill level 8 in Conjurations
  4447 | D:4      | Reached XP level 7. HP: 36/36 MP: 18/18
  4575 | D:4      | Learned a level 4 spell: Iskenderun's Mystic Blast
  5027 | D:4      | Found a staircase to the Ecumenical Temple.
  5035 | Temple   | Entered the Ecumenical Temple
  5044 | Temple   | Became a worshipper of Vehumet
  5379 | D:5      | Entered Level 5 of the Dungeon
  5520 | D:5      | Reached skill level 9 in Conjurations
  5526 | D:5      | Noticed Ijyb
  5838 | D:6      | Noticed a steam dragon
  5846 | D:6      | Killed a steam dragon
  5847 | D:6      | Reached XP level 8. HP: 13/41 MP: 21/21
  6285 | D:6      | Found Dathre Bire's Vocational Training.
  6347 | D:6      | Reached skill level 10 in Conjurations
  6463 | D:6      | Reached * piety under Vehumet
  6463 | D:6      | Offered knowledge of Sandblast by Vehumet.
  6765 | D:6      | Reached skill level 11 in Conjurations
  6821 | D:6      | Found a basalt altar of Yredelemnul.
  7427 | D:7      | Reached skill level 12 in Conjurations
  7427 | D:7      | Reached XP level 9. HP: 31/45 MP: 23/23
  7926 | D:8      | Reached skill level 5 in Dodging
  8006 | D:8      | Found a staircase to the Lair.
  8046 | D:8      | Found a runed translucent gate.
  8046 | D:8      | Noticed a green ugly thing
  8049 | D:8      | Found a runed translucent gate.
  8049 | D:8      | Noticed a cyan ugly thing
  8049 | D:8      | Noticed a cyan ugly thing
  8050 | D:8      | Found a runed translucent gate.
  8050 | D:8      | Noticed a brown ugly thing
  8050 | D:8      | Noticed a green ugly thing
  8051 | D:8      | Noticed a white ugly thing
  8120 | D:8      | Found a white marble altar of Elyvilon.
  8271 | D:8      | Reached ** piety under Vehumet
  8273 | D:8      | Offered knowledge of Shock by Vehumet.
  8378 | D:8      | Found an iron altar of Okawaru.
  8379 | D:8      | Found an ornate altar of the Wu Jian Council.
  8822 | D:9      | Noticed Erica
  8942 | D:8      | Learned a level 5 spell: Freezing Cloud
  9010 | D:9      | Reached XP level 10. HP: 36/50 MP: 6/24
  9327 | D:9      | Found a runed translucent gate.
  9328 | D:9      | Found a runed translucent gate.
  9328 | D:9      | Noticed a centaur warrior
  9353 | D:9      | Noticed Dirtsage's ghost (novice OpSh)
  9382 | D:9      | Constricted to death by Erica

Illustrated notes

Levels and vault maps discovered:
D:1:      lemuel_arrival_rhombus, layout_basic,
          hellmonk_ecumenical_altar_lost_god
D:2:      layout_basic
D:3:      layout_basic, zin_academy, portal_sewer_entry_f,
          minmay_tree_intersection, roderic_lattice_a
D:4:      layout_basic, minmay_temple_entry_enclosed_plants
D:5:      layout_cave_pools, serial_rivers, chequers_serial_rivers_room_b,
          chequers_serial_rivers_micro_e, chequers_serial_rivers_large_a,
          chequers_serial_rivers_marsh, st_stairs_1, uniq_ijyb, uniq_duvessa,
          uniq_eustachio
D:6:      layout_loops_corners, lemuel_zombie_altar_yredelemnul,
          nicolae_shop_vocational
D:7:      layout_rooms, minmay_door_square
D:8:      layout_loops_ring, kennysheep_mini_moat, jmf_multi_god_temple,
          lair_entry_dummy, ploomutoo_gammafunk_ghost_potion_laboratory
D:9:      layout_irregular_city, gammafunk_temple_overflow_claw,
          mainiacjoe_overflow_alcove_1, gammafunk_ghost_split, enter_bailey_3,
          uniq_erica
Temple:   dshaligram_water_room_temple

Skill      XL: |  1  2  3  4  5  6  7  8  9 10 |
---------------+-------------------------------+-----
Conjurations   | 5 6 7 8 9 12 | 12.0
Spellcasting   | 4 5 6 7 8 |  8.2
Dodging        | 9 |  9.3
Ice Magic      | 3 4 |  4.9
Stealth        | |  2.4

Action                     |  1- 3 |  4- 6 |  7- 9 | 10-12 || total
---------------------------+-------+-------+-------+-------++-------
  Melee: Dagger            |     3 |       |       |       ||     3
         Short sword       |       |       |     3 |       ||     3
   Cast: Magic Dart        |    85 |   106 |    91 |     5 ||   287
         Searing Ray       |       |    13 |    42 |     8 ||    63
         Iskenderun's Myst |       |       |    19 |     3 ||    22
 Armour: Robe              |     8 |     7 |    47 |     4 ||    66
  Dodge: Dodged            |     4 |    12 |    46 |     4 ||    66

Table legend: (Time is in decaauts)
 A = Elapsed time spent in this place.
 B = Non-inter-level travel time spent in this place.
 C = Inter-level travel time spent in this place.
 D = Time resting spent in this place.
 E = Time spent auto-exploring this place.
 F = Levels seen in this place.
 G = Mean time per level.
                   A        B        C        D        E       F      G
               +--------+--------+--------+--------+--------+-----+--------+
         Total |   9389 |   9100 |    289 |     23 |   7967 |  11 |  853.5 |
       Dungeon |   8100 |   7820 |    280 |     17 |   6879 |   9 |  900.0 |
        Temple |     18 |      9 |      9 |      0 |      0 |   1 |   18.0 |
         Sewer |   1270 |   1270 |      0 |      6 |   1088 |   1 | 1270.0 |
               +--------+--------+--------+--------+--------+-----+--------+

Top non-repeatable levels by time:
     D:6: 1409 daAuts
   Sewer: 1270 daAuts
     D:8: 1186 daAuts
     D:1: 1174 daAuts
     D:4: 1131 daAuts
     D:2: 944 daAuts
     D:3: 846 daAuts
     D:7: 832 daAuts
     D:9: 417 daAuts
     D:5: 156 daAuts
  Temple: 18 daAuts
